 Dungeon Crawl Stone Soup version 0.30-a0-1074-g5db6f66fbb (webtiles) character file.

Game seed: 2748303612346011032

19775 Adrian566 the Carver (level 12, -23/94 HPs)
             Began as a Demonspawn Brigand on Apr 13, 2023.
             Was an Initiate of Jiyva.
             Annihilated by a snapping turtle (34 damage)
             ... on level 2 of the Lair of Beasts.
             The game lasted 00:21:14 (13277 turns).

Adrian566 the Carver (Demonspawn Brigand)          Turns: 13277, Time: 00:21:14

Health: -23/94     AC: 20    Str: 17    XL:     12   Next: 39%
Magic:  13/13      EV:  6    Int: 13    God:    Jiyva [......]
Gold:   614        SH:  0    Dex: 20    Spells: 11/11 levels left

rFire   . . .      SeeInvis .    k - +1 scimitar (drain)
rCold   . . .      Faith    .    (no shield)
rNeg    . . .      Spirit   .    o - +0 plate armour
rPois   .          Reflect  .    (no helmet)
rElec   .          Rampage  .    c - +1 cloak
rCorr   +          Clarity  +    (gloves unavailable)
Will    .....                    y - +0 pair of boots Stlth
                                 F - amulet of regeneration
HPRegen 1.15/turn                h - ring of resist corrosion
MPRegen 0.13/turn                q - +6 ring of strength

@: mighty, very slow
A: claws 3, thin metallic scales 2, demonic guardian 2, powered by pain 2,
clarity, high MP 1
a: Renounce Religion


You were on level 2 of the Lair of Beasts.
You worshipped Jiyva.
Jiyva was noncommittal.
You visited 3 branches of the dungeon, and saw 13 of its levels.
You also visited: Ossuary.

You collected 2282 gold pieces.
You spent 655 gold pieces at shops.
You paid 1013 gold pieces to Gozag.

Inventory:

Hand Weapons
 k - a +1 scimitar of draining (weapon)
 L - a +9 long sword
Missiles
 d - 76 poisoned darts (quivered)
 e - 4 curare-tipped darts
 w - 3 throwing nets
 G - 4 datura-tipped darts
 I - 5 atropa-tipped darts
Armour
 c - a +1 cloak (worn)
 f - a +0 pair of gloves
 o - a +0 plate armour (worn)
 y - a +0 pair of boots (worn)
Jewellery
 h - a ring of resist corrosion (left claw)
 m - a ring of ice
 n - a ring of willpower
 q - a +6 ring of strength (right claw)
 t - a ring of willpower
 F - an amulet of regeneration (around neck)
 J - a +6 ring of intelligence
Wands
 a - a wand of flame (23)
 K - a wand of digging (11)
Scrolls
 i - 2 scrolls of noise
 j - 5 scrolls of amnesia
 u - a scroll of fear
 v - 2 scrolls of identify
 x - 3 scrolls of fog
 A - 2 scrolls of magic mapping
 E - a scroll of teleportation
 H - 2 scrolls of butterflies
 N - 3 scrolls of poison
Potions
 b - 4 potions of brilliance
 g - 3 potions of curing
 l - 7 potions of flight
 p - 4 potions of attraction
 r - 2 potions of degeneration
 s - a potion of magic
 z - a potion of resistance
 B - a potion of heal wounds
 C - 2 potions of lignification
 D - a potion of ambrosia


   Skills:
 + Level 8.3 Fighting
 - Level 1.7(9.7) Short Blades
 * Level 14.7(14.8) Long Blades
 + Level 1.8 Throwing
 + Level 8.1 Armour
 + Level 2.2 Dodging
 + Level 5.7 Stealth


You had 11 spell levels left.
You didn't know any spells.
Your spell library contained the following spells:

 Spells                   Type           Power      Damage    Failure   Level
 Sandblast                Erth           0%         2d4       100%        1
 Cigotuvi's Dreadful Rot  Necr/Pois/Air  0%         N/A       100%        2
 Lesser Beckoning         Tloc           0%         N/A       100%        2
 Passwall                 Tmut/Erth      0%         N/A       100%        2
 Scorch                   Fire           0%         2d5       100%        2
 Gell's Gravitas          Tloc           0%         N/A       100%        3
 Ignite Poison            Fire/Tmut/Pois 0%         N/A       100%        3
 Portal Projectile        Hex/Tloc       0%         N/A       100%        3
 Stone Arrow              Conj/Erth      0%         3d7       100%        3
 Teleport Other           Tloc           0%         N/A       100%        3
 Tukima's Dance           Hex            0%         N/A       100%        3
 Flame Wave               Conj/Fire      0%         2d4       100%        4
 Blade Hands              Tmut           0%         N/A       100%        5
 Freezing Cloud           Conj/Ice/Air   0%         6-21      100%        5
 Summon Cactus Giant      Summ           0%         N/A       100%        6


Dungeon Overview and Level Annotations

Branches:
Dungeon (10/15)            Temple (1/1) D:5            Lair (2/5) D:10
 Shoals (0/4) Lair:2          Orc (0/2) D:10        Ossuary (visited)
  Snake: Lair:2-3    Spider: Lair:2-3

Altars:
Ashenzari
Cheibriados
Dithmenos
Fedhas
Gozag
Hepliaklqana
Kikubaaqudgha
Makhleb
Nemelex Xobeh
Okawaru
Qazlal
Ru
Sif Muna
Trog
Uskayaw
Vehumet
Wu Jian
Xom
Yredelemnul
Jiyva

Shops:
D:7 =   D:9 *[


Innate Abilities, Weirdness & Mutations

You have claws for hands.
You are mostly covered in thin metallic scales. (AC +3)
A demonic guardian rushes to your aid.
You sometimes gain power by taking damage.
You possess an exceptional clarity of mind.
You have an increased reservoir of magic. (+10% MP)


Message History

The bullfrog hits you but does no damage.
The snapping turtle bites you from afar!!
You closely miss the bullfrog.
The bullfrog is moderately wounded.
The bullfrog hits you but does no damage.
The snapping turtle bites you from afar!!
A demonic guardian appears!
You closely miss the bullfrog.
The bullfrog is moderately wounded.
The bullfrog hits you but does no damage.
The snapping turtle barely misses you.
You closely miss the bullfrog.
The bullfrog is moderately wounded.
The bullfrog hits you but does no damage.
The snapping turtle bites you from afar!!
* * * LOW HITPOINT WARNING * * *
Your ice devil closely misses the bullfrog.
You slice the bullfrog!!
You kill the bullfrog!
The snapping turtle bites you from afar!
* * * LOW HITPOINT WARNING * * *
Your ice devil hits the snapping turtle.
Your ice devil freezes the snapping turtle!!
The snapping turtle bites you but does no damage.
You enter the shallow water.
Moving in this stuff is going to be slow.
Your ice devil hits the snapping turtle but does no damage.
The snapping turtle bites you from afar.
* * * LOW HITPOINT WARNING * * *
The snapping turtle bites you from afar.
* * * LOW HITPOINT WARNING * * *
Your ice devil hits the snapping turtle.
Your ice devil freezes the snapping turtle!!
The snapping turtle bites you but does no damage.
The snapping turtle bites you but does no damage.
You hear a series of splatters.
The snapping turtle bites you!
* * * LOW HITPOINT WARNING * * *
The snapping turtle bites you!!
You die...

##~~~≈≈~≈≈~~~#
#~~~~#####≈~~~
##~~~##...##~~#
#~#~~#.....#≈~~
##~~≈#..>..#
#~~≈#?.4..# #
..#P##~~≈##...# ≈~##
.......~~≈##'##≈~~~#
..+.##.#~@t4.~~~~~#
# ###~~~~.~~~###
####..#P~~# #..#####
#+P# ... ...# ?..#
?..


You could see a snapping turtle (berserk, incited, ally target) and a friendly
ice devil (summoned).

Vanquished Creatures
  The ghost of Plog the Grappler, a journeyman TrFi of the Shining One (Lair:1)
  The ghost of Darkkill the Fighter, a journeyman MiHu (D:10)
  Harold (D:10)
  3 death yaks (D:10)
  A slime creature (Lair:1)
  An oklob plant (Lair:1)
  An unseen horror (D:10)
  2 komodo dragons (Lair:1)
  3 hornets
  A polar bear (Lair:1)
  5 blink frogs (Lair:2)
  Prince Ribbit (D:7)
  A wyvern (D:9)
  22 yaks
  5 wraiths
  Eustachio (D:5)
  2 steam dragons
  An acid dragon (D:10)
  Duvessa (D:7)
  3 water moccasins
  3 orc warriors
  A black bear (D:4)
  An ice beast (D:8)
  2 sky beasts (D:7)
  3 ogres
  2 centaurs
  2 phantoms (D:5)
  4 kobold brigands
  6 bullfrogs
  4 scorpions
  10 wights
  Dowan (D:7)
  11 killer bees
  2 howler monkeys
  7 jellies
  A gnoll bouda (D:4)
  2 hounds (D:5)
  3 iguanas (D:6)
  12 orc priests
  6 orc wizards
  3 hell rats (D:10)
  A mummy (Ossuary)
  2 river rats (D:10)
  6 adders
  11 gnolls
  2 white imps
  A worm (D:3)
  2 dart slugs (D:3)
  30 orcs
  3 endoplasms
  5 giant cockroaches
  6 gnoll skeletons (Ossuary)
  8 goblins
  7 hobgoblins
  2 jackals (D:4)
  23 kobolds
  3 quokkas
  10 ball pythons
  10 bats
  2 frilled lizards (D:1)
  9 kobold skeletons (Ossuary)
  10 orc skeletons (Ossuary)
  7 rats
303 creatures vanquished.

Vanquished Creatures (collateral kills)
  A black mamba (Lair:1)
  A torpor snail (Lair:1)
  A komodo dragon (Lair:1)
  A troll (D:8)
  A hornet (Lair:2)
  11 yaks
  A wraith (D:9)
  A wight (D:7)
  A killer bee (D:7)
  A jelly (Lair:1)
  An iguana (D:5)
  A river rat (D:10)
  An ufetubus (D:5)
  An orc (D:8)
24 creatures vanquished.

Vanquished Creatures (others)
  5 fungi
  2 plants
  7 toadstools (D:1)
14 creatures vanquished.

Grand Total: 341 creatures vanquished

Notes
Turn   | Place    | Note
-------+----------+-------------------------------------------
     0 | D:1      | Adrian566 the Demonspawn Brigand began the quest for the
                  | Orb.
     0 | D:1      | Reached XP level 1. HP: 16/16 MP: 1/1
   148 | D:1      | Gained mutation: You sometimes gain a little power by
                  | taking damage. [demonic ancestry]
   148 | D:1      | Reached XP level 2. HP: 17/22 MP: 2/2
   169 | D:1      | Reached skill level 1 in Dodging
   465 | D:1      | Gained mutation: You sometimes gain power by taking damage.
                  | [demonic ancestry]
   465 | D:1      | Reached XP level 3. HP: 27/27 MP: 3/3
   769 | D:2      | Found a snail-covered altar of Cheibriados.
   893 | D:2      | Reached skill level 1 in Long Blades
  1243 | D:3      | Gained mutation: You are partially covered in thin metallic
                  | scales. (AC +2) [demonic ancestry]
  1243 | D:3      | Reached XP level 4. HP: 22/34 MP: 4/4
  1367 | D:3      | Found a bloodstained altar of Trog.
  1413 | D:3      | Reached skill level 2 in Long Blades
  1437 | D:3      | Noticed a scorpion
  1443 | D:3      | Killed a scorpion
  1444 | D:3      | Gained mutation: You have sharp fingernails. [demonic
                  | ancestry]
  1444 | D:3      | Reached XP level 5. HP: 27/39 MP: 5/5
  1540 | D:3      | Found a faded altar of an unknown god.
  2022 | D:4      | Reached skill level 3 in Long Blades
  2175 | D:4      | Gained mutation: You are mostly covered in thin metallic
                  | scales. (AC +3) [demonic ancestry]
  2175 | D:4      | Reached XP level 6. HP: 46/46 MP: 6/6
  2245 | D:4      | Reached skill level 4 in Long Blades
  2245 | D:4      | Reached skill level 1 in Armour
  2532 | D:3      | Found a sparkling altar of Nemelex Xobeh.
  2532 | D:3      | Found a sacrificial altar of Ru.
  3478 | D:4      | Noticed a water moccasin
  3490 | D:4      | Killed a water moccasin
  3491 | D:4      | Reached skill level 5 in Long Blades
  3491 | D:4      | Gained mutation: A weak demonic guardian rushes to your
                  | aid. [demonic ancestry]
  3491 | D:4      | Reached XP level 7. HP: 10/52 MP: 7/7
  3971 | D:5      | Entered Level 5 of the Dungeon
  3980 | D:5      | Gained mutation: You have an increased reservoir of magic.
                  | (+10% MP) [potion of mutation]
  3980 | D:5      | Gained mutation: You possess an exceptional clarity of
                  | mind. [potion of mutation]
  4151 | D:5      | Noticed Eustachio
  4180 | D:5      | Killed Eustachio
  4181 | D:5      | Reached skill level 6 in Long Blades
  4274 | D:5      | Found a staircase to the Ecumenical Temple.
  4289 | D:5      | Gained mutation: You have very sharp fingernails. [demonic
                  | ancestry]
  4289 | D:5      | Reached XP level 8. HP: 23/60 MP: 8/8
  4426 | D:5      | Found a sand-covered staircase.
  4477 | D:5      | HP: 3/60 [something (1)]
  4530 | D:5      | HP: 3/60 [orc wizard/puff of flame (8)]
  4555 | Ossuary  | Entered an ossuary
  4852 | Ossuary  | Reached skill level 7 in Long Blades
  5251 | D:5      | Reached skill level 8 in Long Blades
  5844 | Temple   | Entered the Ecumenical Temple
  6007 | Temple   | Became a worshipper of Gozag Ym Sagoz the Greedy
  6843 | D:7      | Noticed Prince Ribbit
  6859 | D:7      | Killed Prince Ribbit
  6860 | D:7      | Gained mutation: A demonic guardian rushes to your aid.
                  | [demonic ancestry]
  6860 | D:7      | Reached XP level 9. HP: 43/66 MP: 9/9
  7037 | D:7      | Reached skill level 9 in Long Blades
  7798 | D:7      | Found Robbuets's Jewellery Shop.
  8125 | D:7      | Reached skill level 5 in Stealth
  8203 | D:7      | Reached skill level 5 in Fighting
  8203 | D:7      | Reached skill level 10 in Long Blades
  8309 | D:7      | Found Zin's Purification Station.
  8315 | D:7      | Bought a potion of curing for 90 gold pieces
  8358 | D:7      | Noticed Duvessa
  8358 | D:7      | Noticed Dowan
  8374 | D:7      | Killed Duvessa
  8378 | D:7      | Killed Dowan
  8740 | D:7      | Bought an amulet of regeneration for 450 gold pieces
  8785 | D:8      | Noticed a centaur warrior
  8785 | D:8      | Noticed a kobold demonologist
  8785 | D:8      | Noticed a troll
  8785 | D:8      | Noticed a cyclops
  8785 | D:8      | Noticed a troll
  8786 | D:8      | Noticed a centaur warrior
  8786 | D:8      | Paralysed by a hornet for 1 turns
  8786 | D:8      | Noticed a polar bear
  8787 | D:8      | Noticed a deep elf pyromancer
  8788 | D:8      | Noticed a two-headed ogre
  8789 | D:8      | Noticed a cyan ugly thing
  8790 | D:8      | Noticed a manticore
  8792 | D:8      | Reached skill level 5 in Armour
  8793 | D:8      | a polar bear changed into a basilisk
  9113 | D:8      | Reached XP level 10. HP: 74/74 MP: 11/11
  9328 | D:8      | Reached skill level 11 in Long Blades
  9542 | D:8      | Noticed an anaconda
  9644 | D:8      | Noticed a death drake
  9680 | D:8      | Noticed a swamp dragon
  9705 | D:8      | a swamp dragon changed into a lindwurm
  9705 | D:8      | Noticed a lindwurm (shapeshifter)
  9738 | D:8      | a lindwurm changed into a salamander
  9738 | D:8      | Noticed a salamander (shapeshifter)
  9755 | D:8      | a salamander changed into a black mamba
  9755 | D:8      | Noticed a black mamba (shapeshifter)
  9760 | D:8      | a black mamba changed into a meliai
  9766 | D:8      | a meliai changed into a guardian serpent
  9766 | D:8      | Noticed a guardian serpent (shapeshifter)
  9771 | D:8      | a guardian serpent changed into a lindwurm
  9771 | D:8      | Noticed a lindwurm (shapeshifter)
  9835 | D:8      | a lindwurm changed into a two-headed ogre
  9835 | D:8      | Noticed a two-headed ogre (shapeshifter)
  9926 | D:9      | Found Suanaepto's Assorted Antiques.
  9938 | D:9      | Bought a knobbly copper ring for 115 gold pieces
 10547 | D:9      | Found Waucwuopn's Antique Armour Shoppe.
 10843 | D:10     | Entered Level 10 of the Dungeon
 10851 | D:10     | Found a runed translucent gate.
 10851 | D:10     | Found a runed translucent gate.
 10851 | D:10     | Found a runed translucent gate.
 10852 | D:10     | Noticed Darkkill's ghost (journeyman MiHu)
 10895 | D:10     | Found a staircase to the Orcish Mines.
 10918 | D:10     | Noticed a death yak
 10921 | D:10     | Found a staircase to the Lair.
 10921 | D:10     | Noticed a death yak
 10921 | D:10     | Noticed a death yak
 10985 | D:10     | Killed a death yak
 10999 | D:10     | Reached skill level 12 in Long Blades
 11024 | D:10     | Killed a death yak
 11038 | D:10     | Gained mutation: You have claws for hands. [demonic
                  | ancestry]
 11038 | D:10     | Reached XP level 11. HP: 33/81 MP: 12/12
 11116 | D:10     | Killed a death yak
 11310 | D:10     | Found a shimmering blue altar of Sif Muna.
 11723 | D:10     | Killed Darkkill's ghost
 11798 | D:9      | Reached skill level 13 in Long Blades
 11873 | Lair:1   | Entered Level 1 of the Lair of Beasts
 11873 | Lair:1   | Noticed an oklob plant
 11886 | Lair:1   | Killed an oklob plant
 11894 | Lair:1   | Noticed Harold
 11925 | D:10     | Killed Harold
 12166 | Lair:1   | Found a runed translucent gate.
 12166 | Lair:1   | Found a runed translucent gate.
 12166 | Lair:1   | Found a runed translucent gate.
 12166 | Lair:1   | Found a viscous altar of Jiyva.
 12166 | Lair:1   | Noticed Plog's ghost (journeyman TrFi)
 12216 | Lair:1   | Reached skill level 14 in Long Blades
 12510 | Lair:1   | Reached XP level 12. HP: 17/91 MP: 13/13
 13036 | Lair:1   | Killed Plog's ghost
 13124 | Lair:1   | Fell from the grace of Gozag
 13124 | Lair:1   | Became a worshipper of Jiyva Joniddac the Shapeless
 13207 | Lair:2   | Paralysed by a hornet for 2 turns
 13266 | Lair:2   | Found a staircase to the Shoals.
 13277 | Lair:2   | Annihilated by a snapping turtle

Illustrated notes

Levels and vault maps discovered:
D:1:      nagdon_arrival_double_spiral, layout_basic
D:2:      layout_basic, basic_altar
D:3:      layout_basic, nicolae_overflow_hidden_temple,
          ebering_ecumenical_altar_sacrificial, st_stairs_1,
          hangedman_feature_mirror
D:4:      layout_loops_ring, reono_crystal_passage, uniq_robin
D:5:      layout_basic, minmay_temple_entry_nine_rooms, enter_ossuary_1,
          solitary_fountain, uniq_eustachio
D:6:      layout_loops_ring, hangedman_decor_clover_reticule
D:7:      layout_basic, zin_purify, serial_shops, shop, uniq_prince_ribbit1,
          uniq_duvessa
D:8:      layout_basic, serial_glass, glass_columns_b, glass_columns_c,
          glass_columns_c, glass_columns_c, glass_columns_a, glass_columns_b,
          minivault_12
D:9:      layout_roguey, serial_rivers, chequers_serial_rivers_micro_a,
          chequers_serial_rivers_micro_a, chequers_serial_rivers_marsh,
          chequers_serial_rivers_micro_a, chequers_serial_rivers_small_3,
          chequers_serial_rivers_micro_e, serial_shops, nicolae_shop_crystal,
          nicolae_shop_statue_plus
D:10:     layout_rooms, general_overflow_altar, dpeg_lair_monsters, orc_0_dummy,
          gammafunk_ghost_spectres
Temple:   eino_temple_scatter_basement
Lair:1:   layout_chaotic_city, gammafunk_ghost_ooze, dpeg_stationary_puzzle,
          grunt_megastairs_2, uniq_harold
Lair:2:   layout_roguey, minmay_shoals_entry_hut, enter_volcano_1,
          hangedman_tree_tricks, dreamdust_wasp_nest

Skill      XL: |  1  2  3  4  5  6  7  8  9 10 11 12 |
---------------+-------------------------------------+-----
Stealth        | 4 5 |  5.7
Dodging        | 1 2 |  2.2
Long Blades    | 1 2 3 5 6 8 10 12 14 | 14.7
Fighting       | 3 4 5 6 7 8 |  8.3
Armour         | 1 2 3 5 6 7 8 |  8.1
Short Blades   | |  1.7
Throwing       | |  1.8

Action                     |  1- 3 |  4- 6 |  7- 9 | 10-12 || total
---------------------------+-------+-------+-------+-------++-------
  Melee: Dagger            |    86 |       |       |       ||    86
         Scimitar          |    38 |   137 |   439 |   552 ||  1166
         Punch             |       |     1 |     3 |     6 ||    10
         Long sword        |       |       |       |    37 ||    37
  Throw: Dart              |     5 |     1 |       |     1 ||     7
 Invoke: Potion Petition   |       |       |       |     3 ||     3
    Use: Scroll            |     2 |       |    20 |     7 ||    29
         Potion            |     1 |     2 |     8 |     9 ||    20
   Stab: Sleeping          |    12 |       |       |       ||    12
         Distracted        |     1 |       |     3 |     5 ||     9
         Invisible         |       |       |       |     3 ||     3
 Armour: Robe              |    33 |       |       |       ||    33
         Plate armour      |     8 |   127 |   437 |   342 ||   914
  Dodge: Dodged            |    66 |    45 |   143 |   166 ||   420

Table legend: (Time is in decaauts)
 A = Elapsed time spent in this place.
 B = Non-inter-level travel time spent in this place.
 C = Inter-level travel time spent in this place.
 D = Time resting spent in this place.
 E = Time spent auto-exploring this place.
 F = Levels seen in this place.
 G = Mean time per level.
                   A        B        C        D        E       F      G
               +--------+--------+--------+--------+--------+-----+--------+
         Total |  13219 |  12712 |    507 |   2535 |   7492 |  14 |  944.2 |
       Dungeon |  11204 |  10736 |    468 |   2257 |   6345 |  10 | 1120.4 |
        Temple |    172 |    153 |     19 |      0 |    137 |   1 |  172.0 |
          Lair |   1297 |   1277 |     20 |      1 |    874 |   2 |  648.5 |
       Ossuary |    544 |    544 |      0 |    276 |    135 |   1 |  544.0 |
               +--------+--------+--------+--------+--------+-----+--------+

Top non-repeatable levels by time:
     D:7: 1761 daAuts
     D:3: 1675 daAuts
     D:5: 1406 daAuts
  Lair:1: 1198 daAuts
     D:4: 1142 daAuts
     D:9: 1072 daAuts
     D:8: 1061 daAuts
    D:10: 958 daAuts
     D:6: 902 daAuts
     D:1: 780 daAuts
 Ossuary: 544 daAuts
     D:2: 443 daAuts
  Temple: 172 daAuts
  Lair:2: 98 daAuts
